 Dungeon Crawl Stone Soup version 0.27-a0-1202-ge72e49191c (webtiles) character file.

Game seed: 16069831334651684107

602 quinnr the Magician (level 7, -5/47 HPs)
             Began as a Djinni Ice Elementalist on June 2, 2021.
             Was an Initiate of Qazlal.
             Slain by a phantom (7 damage)
             ... on level 5 of the Dungeon.
             The game lasted 00:20:24 (5831 turns).

quinnr the Magician (Djinni Ice Elementalist)       Turns: 5831, Time: 00:20:25

Health: -5/47      AC:  6    Str:  7    XL:     7   Next: 69%
Gold:   178        EV: 12    Int: 19    God:    Qazlal [......] SH:  0 Dex: 13

rFire    + . .     SeeInvis .   g - +2 dagger (freeze)
rCold    + . .     Faith    .   (no shield)
rNeg     . . .     Spirit   .   l - +1 robe {rC+}
rPois    ∞         Reflect  .   (helmet currently unavailable)
rElec    .         Harm     .   k - +2 cloak
rCorr    .         Rampage  .   (no gloves)
Will     .....                  (boots unavailable)
Stlth    ++........             (no amulet)
HPRegen  0.15/turn              m - ring of ice
MPRegen  0.00/turn              (no ring)

@: appendages, wereblooded, flying
A: horns 2, flying, sickness immunity, fire resistance 2, cold vulnerability 1,
float, innate caster, hp casting, extra vitality 1
a: End Transformation, Renounce Religion


You were on level 5 of the Dungeon.
You worshipped Qazlal.
Qazlal was noncommittal.
You had temporarily grown beastly horns.
You visited 1 branch of the dungeon, and saw 5 of its levels.

You collected 178 gold pieces.

Inventory:

Hand Weapons
 g - a +2 dagger of freezing (weapon)
Missiles
 f - 2 curare-tipped darts
 j - 36 poisoned darts
 o - 3 boomerangs (quivered)
Armour
 a - a +0 robe
 e - a +0 ring mail
 k - a +2 cloak (worn)
 l - a +1 robe of cold resistance (worn)
Jewellery
 m - a ring of ice (left hand)
Scrolls
 b - 2 scrolls of teleportation
 c - 2 scrolls of acquirement {unknown}
 n - 2 scrolls of identify {unknown}
 p - a scroll of enchant armour {unknown}
 r - a scroll of blinking {unknown}
 t - a scroll of immolation {unknown}
 u - a scroll of silence {unknown}
 v - a scroll of vulnerability {unknown}
 w - a scroll of fog {unknown}
 x - a scroll of fear {unknown}
Potions
 d - 2 potions of degeneration {unknown}
 h - 2 potions of ambrosia {unknown}
 i - 3 potions of curing {unknown}
 q - a potion of magic {unknown}
 s - a potion of resistance {unknown}


   Skills:
 + Level 1.1 Fighting
 - Level 2.1 Dodging
 - Level 1.5 Stealth
 + Level 6.7 Spellcasting


You couldn't memorise any spells.
You knew the following spells:

 Your Spells              Type           Power      Damage    Failure   Level
a - Freeze                Ice            100%       1d11      1%          1
b - Frozen Ramparts       Ice            96%        1d11      1%          3
c - Ozocubu's Armour      Ice            48%        N/A       1%          3
d - Hailstorm             Conj/Ice       48%        3d11      6%          4
e - Metabolic Englaciati  Hex/Ice        24%        N/A       19%         5
f - Beastly Appendage     Tmut           64%        N/A       1%          1
g - Wereblood             Tmut           32%        N/A       1%          2
h - Tukima's Dance        Hex            32%        N/A       1%          3
Your spell library was empty.

Dungeon Overview and Level Annotations

Branches:
Dungeon (5/15)             Temple (0/1) D:5

Altars:
Ashenzari
Elyvilon
Fedhas
Okawaru
Qazlal
Uskayaw
Vehumet
Zin

Shops:
D:5 *


Innate Abilities, Weirdness & Mutations

You have temporarily grown beastly horns.
You are flying.
You are immune to sickness and miasma.
You are immune to poison.
Your flesh is very heat resistant. (rF++)
You are vulnerable to cold. (rC-)
You float through the air rather than walking.
You learn spells naturally, not from books.
Your magical power is your life essence.
You have superior vitality. (+4 HP)


Message History

The phantom misses you.
You closely miss the phantom.
The phantom is lightly damaged.
The phantom misses you.
You hit the phantom but do no damage.
The phantom is lightly damaged.
The phantom hits you.
You hit the phantom but do no damage.
The phantom is lightly damaged.
The phantom hits you.
You hit the phantom.
The phantom is lightly damaged.
The phantom hits you.
You hit the phantom but do no damage.
The phantom is lightly damaged.
The phantom barely misses you.
You barely miss the phantom.
The phantom is lightly damaged.
The phantom hits you.
* * * LOW HITPOINT WARNING * * *
The phantom blinks!
You blink.
Your icy armour cracks and falls away as you move.
You barely miss the phantom.
The phantom is lightly damaged.
The phantom barely misses you.
You barely miss the phantom.
The phantom is lightly damaged.
The phantom hits you.
* * * LOW HITPOINT WARNING * * *
The phantom blinks!
You blink.
You closely miss the phantom.
The phantom is lightly damaged.
The phantom hits you.
* * * LOW HITPOINT WARNING * * *
Casting: Ozocubu's Armour (safe; 1% risk of failure)
Confirm with . or Enter, or press ? or * to list all spells.
Your blood is infused with primal strength.
* * * LOW HITPOINT WARNING * * *
The phantom hits you!
You die...

#.......(. #######
###.........
##.$...######.....######
##.............#####
#$.......§######
#.........# #.........#
#.........####
#.......@....#
#.......W∩##....
#$........# #
#.....<...# #[........#
#......?..# ##.......##
##.....## #######


You could see a phantom.

Vanquished Creatures
  An ogre (D:4)
  A scorpion (D:4)
  A wight (D:4)
  A howler monkey (D:5)
  A hound (D:4)
  A gnoll shaman (D:4)
  A jelly (D:4)
  Terence (D:2)
  Jessica (D:2)
  2 iguanas (D:5)
  A hound skeleton (D:4)
  7 gnolls (D:3)
  An adder (D:2)
  An adder zombie (D:5)
  An adder skeleton (D:4)
  2 worms
  5 dart slugs
  2 orcs
  8 ball pythons
  6 endoplasms
  A giant cockroach (D:1)
  2 goblins
  6 hobgoblins
  10 jackals
  7 quokkas
  3 bats
  2 frilled lizards
  7 kobolds
  10 rats
93 creatures vanquished.

Notes
Turn   | Place    | Note
-------+----------+-------------------------------------------
     0 | D:1      | quinnr the Djinni Ice Elementalist began the quest for the
                  | Orb.
     0 | D:1      | Reached XP level 1. HP: 15/15 MP: 0/0
    21 | D:1      | You are sucked into a shaft and drop 1 floor!
   164 | D:2      | Reached XP level 2. HP: 8/21 MP: 0/0
   613 | D:2      | Reached XP level 3. HP: 17/25 MP: 0/0
   613 | D:2      | Learned a level 1 spell: Beastly Appendage
   865 | D:2      | Reached skill level 4 in Spellcasting
  1044 | D:2      | Noticed Terence
  1056 | D:2      | Killed Terence
  1057 | D:2      | Reached XP level 4. HP: 24/31 MP: 0/0
  1909 | D:1      | Found a faded altar of an unknown god.
  2313 | D:2      | Noticed Jessica
  2322 | D:2      | Killed Jessica
  2323 | D:2      | Reached XP level 5. HP: 22/35 MP: 0/0
  2323 | D:2      | Learned a level 2 spell: Wereblood
  2457 | D:2      | Found a glowing silver altar of Zin.
  2637 | D:3      | Reached skill level 5 in Spellcasting
  3101 | D:3      | Found a blossoming altar of Fedhas.
  3105 | D:3      | quinnr: wereblood??
  3105 | D:3      | beem: A level 2 Transmutations spell which makes some
                  | noise, but gives you a slaying bonus for each monster you
                  | kill while it is active. Replaced {Song of Slaying} in
                  | 0.26.
  3234 | D:3      | Reached XP level 6. HP: 15/40 MP: 0/0
  3604 | D:3      | Found a broken altar of Ashenzari.
  3604 | D:3      | Found a white marble altar of Elyvilon.
  3604 | D:3      | Found a hide-covered altar of Uskayaw.
  4424 | D:4      | Noticed an ogre
  4428 | D:4      | Reached skill level 6 in Spellcasting
  4428 | D:4      | Reached XP level 7. HP: 22/45 MP: 0/0
  4428 | D:4      | Learned a level 3 spell: Tukima's Dance
  5245 | D:4      | Found a stormy altar of Qazlal.
  5249 | D:4      | Became a worshipper of Qazlal Stormbringer
  5364 | D:5      | Entered Level 5 of the Dungeon
  5455 | D:5      | Found an iron altar of Okawaru.
  5576 | D:5      | Reached skill level 1 in Fighting
  5780 | D:5      | Found a staircase to the Ecumenical Temple.
  5801 | D:5      | Found Geneg's Assorted Antiques.
  5830 | D:5      | HP: 4/47 [phantom (6)]
  5831 | D:5      | Slain by a phantom

Illustrated notes

Levels and vault maps discovered:
D:1:      roderic_chinese_lattice_arrival, layout_basic,
          hellmonk_ecumenical_altar_lost_god
D:2:      layout_basic, basic_altar, minmay_tall_x, uniq_jessica, uniq_terence
D:3:      layout_loops_ring, fedhas_altar_4, grunt_temple_overflow_cloverleaf,
          minivault_4, serial_bayou_pond_c
D:4:      minmay_diamond_boxcup, layout_basic, kennysheep_mini_moat,
          nrook_campfire
D:5:      layout_rooms, okawaru_metal_pillars_3, temple_doors_ab, serial_shops,
          shop, dk_noncrumbling_3

Skill      XL: |  1  2  3  4  5  6  7 |
---------------+----------------------+-----
Spellcasting   | 4 5 6 |  6.7
Fighting       | 1 |  1.1
Dodging        | |  2.1
Stealth        | |  1.5

Action                   |  1- 3 |  4- 6 |  7- 9 || total
-------------------------+-------+-------+-------++-------
Melee: Dagger            |     9 |    61 |    42 ||   112
       Headbutt          |     1 |     8 |     4 ||    13
Throw: Dart              |     3 |    23 |       ||    26
       Boomerang         |       |       |     4 ||     4
 Cast: Freeze            |    21 |     8 |     4 ||    33
       Beastly Appendage |     5 |    12 |     3 ||    20
       Frozen Ramparts   |     4 |    27 |     7 ||    38
       Ozocubu's Armour  |     1 |     3 |     1 ||     5
       Hailstorm         |       |     8 |     4 ||    12
       Wereblood         |       |     3 |     3 ||     6
       Tukima's Dance    |       |       |     5 ||     5
       Metabolic Englaci |       |       |     2 ||     2
  Use: Scroll            |       |     2 |       ||     2
 Stab: Distracted        |       |       |     1 ||     1
Armor: Robe              |     5 |    21 |    13 ||    39
Dodge: Dodged            |    11 |    40 |    28 ||    79

Table legend: (Time is in decaauts)
 A = Elapsed time spent in this place.
 B = Non-inter-level travel time spent in this place.
 C = Inter-level travel time spent in this place.
 D = Time resting spent in this place.
 E = Time spent auto-exploring this place.
 F = Levels seen in this place.
 G = Mean time per level.
                   A        B        C        D        E       F      G
               +--------+--------+--------+--------+--------+-----+--------+
         Total |   5836 |   5625 |    211 |   1063 |   3761 |   5 | 1167.2 |
       Dungeon |   5836 |   5625 |    211 |   1063 |   3761 |   5 | 1167.2 |
               +--------+--------+--------+--------+--------+-----+--------+

Top non-repeatable levels by time:
     D:2: 1739 daAuts
     D:4: 1351 daAuts
     D:3: 1153 daAuts
     D:1: 1123 daAuts
     D:5: 468 daAuts
